 Dungeon Crawl Stone Soup version 0.27-a0-223-ge082b6e869 (webtiles) character file.

Game seed: 17710280035146048960

36 puppykicker the Chiller (level 3, 0/26 HPs)
             Began as a Human Ice Elementalist on Feb 1, 2021.
             Slain by a gnoll
             ... wielding a +0 spear
              (5 damage)
             ... on level 1 of the Dungeon.
             The game lasted 00:04:00 (836 turns).

puppykicker the Chiller (Human Ice Elementalist)     Turns: 836, Time: 00:04:00

Health: 0/26       AC:  2    Str:  8    XL:     3   Next: 57%
Magic:  1/6        EV: 12    Int: 16    God:
Gold:   14         SH:  0    Dex: 13    Spells: 2/6 levels left

rFire    . . .     SeeInvis .   a - +0 dagger
rCold    . . .     Faith    .   (no shield)
rNeg     . . .     Spirit   .   e - +0 robe
rPois    .         Reflect  .   (no helmet)
rElec    .         Harm     .   (no cloak)
rCorr    .         Rampage  .   (no gloves)
Will     .....                  (no boots)
Stlth    ++........             (no amulet)
HPRegen  0.08/turn              (no ring)
MPRegen  0.10/turn              (no ring)

@: no status effects
A: no striking features
a: no special abilities


You were on level 1 of the Dungeon.
You visited 1 branch of the dungeon, and saw 1 of its levels.

You collected 14 gold pieces.

Inventory:

Hand Weapons
 a - a +0 dagger (weapon)
Missiles
 d - 12 arrows
 f - 11 poisoned darts (quivered)
Armour
 e - a +0 robe (worn)
Scrolls
 b - a scroll of identify {unknown}
Potions
 c - a potion of flight {unknown}


   Skills:
 + Level 1.0 Fighting
 + Level 0.9 Armour
 + Level 2.3 Dodging
 - Level 2.0 Stealth
 + Level 2.2 Spellcasting
 * Level 4.4 Ice Magic


You had 2 spell levels left.
You knew the following spells:

 Your Spells              Type           Power        Failure   Level
a - Freeze                Ice            60%          3%          1
b - Frozen Ramparts       Ice            30%          10%         3

Your spell library contained the following spells:

 Spells                   Type           Power        Failure   Level
 Ozocubu's Armour         Ice            15%          10%         3
 Hailstorm                Conj/Ice       8%           63%         4
 Summon Ice Beast         Ice/Summ       8%           63%         4


Dungeon Overview and Level Annotations

Branches:
Dungeon (1/15)

Altars:


Message History

a leopard gecko corpse; a goblin corpse You take 8 damage, and have 15/26 hp.
MASSIVE DAMAGE!!
Casting: Freeze (safe; 3% risk of failure)
Aiming: Freeze (safe; 3% risk of failure)
Press: ? - help, Shift-Dir - straight line, f - gnoll
Aim: a gnoll, wielding a +0 spear You freeze the gnoll.
The gnoll hits you with a +0 spear!
* * * LOW HITPOINT WARNING * * *
You take 10 damage, and have 5/26 hp.
MASSIVE DAMAGE!!
You now have 2/6 mp.
Casting: Freeze (safe; 3% risk of failure)
Aiming: Freeze (safe; 3% risk of failure)
Press: ? - help, Shift-Dir - straight line, f/p - gnoll
Aim: a gnoll, wielding a +0 spear (lightly wounded)
You freeze the gnoll.
* * * LOW MAGIC WARNING * * *
The gnoll hits you with a +0 spear.
You die...

########### #........##.
#........#######
####........# ####
...........# #..)
#..........# #...
+######..........## #...
..................# #...
..................# #...
.....$g@.....#....# #...
.......#+##.##....# #...
.......#..........###...
.......#..........##....
.......#.............###
().....#.............#
############...8.8..##
#....>...# #...8.8..#


You could see a gnoll.

Levels and vault maps discovered:
D:1:      onia_arrival_mini_maze_b, layout_basic, st_stairs_14

Notes
Turn   | Place    | Note
-------+----------+-------------------------------------------
     0 | D:1      | puppykicker the Human Ice Elementalist began the quest for
                  | the Orb.
     0 | D:1      | Reached XP level 1. HP: 13/13 MP: 3/3
    97 | D:1      | Identified a +0 club
   162 | D:1      | Identified a cursed -3 club
   163 | D:1      | Identified a cursed -2 club
   165 | D:1      | Reached XP level 2. HP: 20/20 MP: 5/5
   224 | D:1      | Identified a +0 whip
   402 | D:1      | Reached XP level 3. HP: 25/25 MP: 0/6
   461 | D:1      | Learned a level 3 spell: Frozen Ramparts
   564 | D:1      | Identified a +0 club
   568 | D:1      | Identified a +0 dagger
   659 | D:1      | Identified a +0 club
   828 | D:1      | Identified a +0 spear
   832 | D:1      | Reached skill level 1 in Fighting
   835 | D:1      | HP: 5/26 [gnoll/+0 spear (10)]
   836 | D:1      | Slain by a gnoll

Table legend: (Time is in decaauts)
 A = Elapsed time spent in this place.
 B = Non-inter-level travel time spent in this place.
 C = Inter-level travel time spent in this place.
 D = Time resting spent in this place.
 E = Time spent auto-exploring this place.
 F = Levels seen in this place.
 G = Mean time per level.
                   A        B        C        D        E       F      G
               +--------+--------+--------+--------+--------+-----+--------+
         Total |    835 |    835 |      0 |    505 |    175 |   1 |  835.0 |
       Dungeon |    835 |    835 |      0 |    505 |    175 |   1 |  835.0 |
               +--------+--------+--------+--------+--------+-----+--------+

Top non-repeatable levels by time:
     D:1: 835 daAuts

Table legend:
 A = Kills in this place as a percentage of kills in entire the game.
 B = Kills by you in this place as a percentage of kills by you in the entire game.
 C = Kills by friends in this place as a percentage of kills by friends in the entire game.
 D = Other kills in this place as a percentage of other kills in the entire game.
 E = Experience gained in this place as a percentage of experience gained in the entire game.
 F = Experience gained in this place divided by the number of levels of this place that you have seen.
                   A       B       C       D       E      F
               +-------+-------+-------+-------+-------+----------------------
         Total | 100.0 | 100.0 |   N/A |   N/A | 100.0 |  52.0
       Dungeon | 100.0 | 100.0 |   N/A |   N/A | 100.0 |  52.0
               +-------+-------+-------+-------+-------+----------------------

Skill      XL: |  1  2  3 |
---------------+----------+-----
Fighting       | 1 |  1.0
Armour         | |  0.9
Dodging        | |  2.3
Stealth        | |  2.0
Spellcasting   | |  2.2
Ice Magic      | |  4.4

Action                   || total
-------------------------++-------
Melee: Unarmed           ||    10
       Dagger            ||     9
 Cast: Freeze            ||    35
 Stab: Sleeping          ||     1
Armor: Robe              ||    11
Dodge: Dodged            ||    28

Vanquished Creatures
  A gnoll (D:1)
  A dart slug (D:1)
  A leopard gecko (D:1)
  2 bats (D:1)
  5 goblins (D:1)
  6 hobgoblins (D:1)
  2 kobolds (D:1)
  4 rats (D:1)
22 creatures vanquished.
